 Dungeon Crawl Stone Soup version 0.30-a0-140-gd1020e658a (webtiles) character file.

Game seed: 15937332113872643333

1498 greasedhog the Chiller (level 8, -3/49 HPs)
             Began as a Gargoyle Ice Elementalist on Sept 24, 2022.
             Was an Initiate of Vehumet.
             Slain by a wight
             ... wielding a +0 war axe
              (9 damage)
             ... on level 6 of the Dungeon.
             The game lasted 00:10:44 (7831 turns).

greasedhog the Chiller (Gargoyle Ice Elementalist)  Turns: 7831, Time: 00:10:44

Health: -3/49      AC: 11    Str: 17    XL:     8   Next: 81%
Magic:  10/15      EV: 11    Int: 19    God:    Vehumet [......]
Gold:   406        SH:  0    Dex: 10    Spells: 6/17 levels left

rFire   . . .      SeeInvis .    x - +3 lajatang (spect)
rCold   . . .      Faith    .    (shield currently unavailable)
rNeg    + . .      Spirit   .    a - +0 robe
rPois   ∞          Reflect  .    f - +1 helmet
rElec   +          Harm     .    v - +0 cloak
rCorr   .          Rampage  .    (no gloves)
Will    .....                    t - +0 pair of boots
Stlth   ++........               (no amulet)
HPRegen 0.16/turn                s - +6 ring of strength
MPRegen 0.14/turn                (no ring)

@: freezing walls
A: sickness immunity, AC +5, negative energy resistance 1, electricity
resistance, torment resistance 1, petrification resistance
a: Renounce Religion


You were on level 6 of the Dungeon.
You worshipped Vehumet.
Vehumet was noncommittal.
You visited 2 branches of the dungeon, and saw 8 of its levels.

You collected 406 gold pieces.

Inventory:

Hand Weapons
 x - a +3 spectral lajatang (weapon)
Missiles
 u - 5 curare-tipped darts
Armour
 a - a +0 robe (worn)
 f - a +1 helmet (worn)
 t - a +0 pair of boots (worn)
 v - a +0 cloak (worn)
Magical Staves
 g - a staff of fire
Jewellery
 s - a +6 ring of strength (left hand)
Wands
 m - a wand of charming (27)
 n - a wand of flame (8)
Scrolls
 e - 2 scrolls of immolation
 h - a scroll of summoning
 i - a scroll of blinking
 l - 4 scrolls of teleportation
 o - a scroll of enchant armour
 p - a scroll of magic mapping
 r - 2 scrolls of fear {unknown}
 w - a scroll of amnesia {unknown}
 y - a scroll of noise {unknown}
Potions
 b - 4 potions of magic
 c - 4 potions of haste
 d - 2 potions of heal wounds
 j - 3 potions of curing
 k - 3 potions of attraction {unknown}
 q - a potion of degeneration {unknown}


   Skills:
 - Level 5.0 Fighting
 * Level 3.6 Staves
 - Level 1.5 Dodging
 - Level 2.1 Stealth
 - Level 5.0 Spellcasting
 * Level 3.5 Conjurations
 * Level 7.3 Ice Magic


You had 6 spell levels left.
You knew the following spells:

 Your Spells              Type           Power      Damage    Failure   Level
a - Freeze                Ice            100%       1d11      1%          1
b - Frozen Ramparts       Ice            64%        1d10      1%          3
c - Ozocubu's Armour      Ice            32%        N/A       1%          3
d - Hailstorm             Conj/Ice       25%        3d7       13%         4

Your spell library contained the following spells:

 Spells                   Type           Power      Damage    Failure   Level
 Slow                     Hex            16%        N/A       12%         1
 Mephitic Cloud           Conj/Pois/Air  9%         N/A       22%         3
 Confusing Touch          Hex            4%         N/A       36%         3
 Ignite Poison            Fire/Tmut/Pois 4%         N/A       36%         3
 Vampiric Draining        Necr           4%         2d6       36%         3
 Freezing Cloud           Conj/Ice/Air   9%         6-21      61%         5
 Simulacrum               Ice/Necr       9%         N/A       99%         6
 Polar Vortex             Ice            16%        N/A       100%        9


Dungeon Overview and Level Annotations

Branches:
Dungeon (7/15)             Temple (1/1) D:6

Altars:
Ashenzari
Cheibriados
Nemelex Xobeh
Qazlal
Ru
Trog
Vehumet
Wu Jian
Yredelemnul
Zin


Innate Abilities, Weirdness & Mutations

You are immune to sickness and miasma.
Your stone body is resilient. (AC +5)
You are immune to poison.
You resist negative energy. (rN+)
You are resistant to electric shocks. (rElec)
You are resistant to unholy torment.
You are immune to petrification.


Message History

a +0 trident; a +0 scale mail; an orc corpse The wight attacks as you move away!
The wight misses you. The wight attacks as you move away!
The wight hits you with a +0 war axe.
There is a stone staircase leading up here.
The wight hits you with a +0 war axe.
You climb upwards.
There is a stone staircase leading down here.
The wight attacks as you move away! The wight barely misses you.
Casting: Frozen Ramparts (safe; 1% risk of failure)
Confirm with . or Enter, or press ? or * to list all spells.
Casting: Frozen Ramparts (safe; 1% risk of failure)
Press: ? - help, Dir - look around, f - activate The walls around you are covered in ice.
The wall freezes the wight but does no damage.
The wight barely misses you.
You hit the wight but do no damage.
The wight is lightly damaged.
Your +3 spectral lajatang barely misses the wight.
The wight completely resists.
The wall freezes the wight but does no damage.
The wight hits you but does no damage.
The wight barely misses your +3 spectral lajatang.
The wight resists.
The wall freezes the wight.
The wight hits you with a +0 war axe.
* * * LOW HITPOINT WARNING * * *
The wight barely misses your +3 spectral lajatang.
You hit the wight but do no damage.
The wight is lightly damaged.
Your +3 spectral lajatang closely misses the wight.
The wight completely resists.
The wall freezes the wight but does no damage.
The wight hits you with a +0 war axe.
* * * LOW HITPOINT WARNING * * *
The wight hits your +3 spectral lajatang with a +0 war axe.
You closely miss the wight.
The wight is lightly damaged.
Your +3 spectral lajatang hits the wight!
The wight resists.
The wall freezes the wight.
The wight hits you with a +0 war axe!
You die...

....................#...##.......
##..................#...##.......
.#......#######+#####...##.......
.#......#...#..................).
.+......#...#(...>...............
.#......'...#....................
.#......#...##..##########.......
[#......#...##.z##.##...##.......
.'......#.......@.......#..).....
.#......#...............#........
.#......#...............#........
##......#########################
########


You could see a wight (ally target) and a friendly +3 spectral lajatang
(summoned).

Vanquished Creatures
  An acid dragon (D:7)
  2 orc warriors
  A black bear (D:6)
  An ogre (D:4)
  2 phantoms
  A kobold brigand (D:6)
  A bullfrog (D:7)
  2 scorpions
  A wight (D:7)
  A jelly (D:6)
  3 orc priests
  3 hounds
  2 orc wizards
  3 iguanas
  A gnoll (D:2)
  11 adders
  2 shadow imps (D:6)
  2 worms
  3 dart slugs
  17 orcs
  6 endoplasms
  4 giant cockroaches
  7 goblins
  4 hobgoblins
  2 jackals (D:2)
  13 kobolds
  2 quokkas
  6 ball pythons
  5 bats
  A frilled lizard (D:3)
  7 rats
117 creatures vanquished.

Vanquished Creatures (others)
  16 fungi (D:4)
  4 toadstools (D:4)
20 creatures vanquished.

Grand Total: 137 creatures vanquished

Notes
Turn   | Place    | Note
-------+----------+-------------------------------------------
     0 | D:1      | greasedhog the Gargoyle Ice Elementalist began the quest
                  | for the Orb.
     0 | D:1      | Reached XP level 1. HP: 10/10 MP: 3/3
   482 | D:1      | Reached XP level 2. HP: 11/16 MP: 1/5
   627 | D:1      | Reached skill level 1 in Fighting
   864 | D:1      | Found a faded altar of an unknown god.
  1122 | D:1      | Reached XP level 3. HP: 14/20 MP: 2/6
  1355 | D:1      | Learned a level 3 spell: Frozen Ramparts
  1908 | D:2      | Reached XP level 4. HP: 26/26 MP: 1/8
  2518 | D:3      | Learned a level 3 spell: Ozocubu's Armour
  2789 | D:3      | Reached XP level 5. HP: 30/31 MP: 6/9
  3246 | D:3      | Reached skill level 5 in Ice Magic
  3648 | D:4      | Reached XP level 6. HP: 35/37 MP: 9/11
  3732 | D:4      | Learned a level 4 spell: Hailstorm
  4534 | D:4      | Found an ornate altar of the Wu Jian Council.
  4535 | D:4      | Found a sparkling altar of Nemelex Xobeh.
  4535 | D:4      | Found a glowing silver altar of Zin.
  4535 | D:4      | Found a stormy altar of Qazlal.
  4547 | D:4      | Found a broken altar of Ashenzari.
  4547 | D:4      | Found a sacrificial altar of Ru.
  4548 | D:4      | Found a basalt altar of Yredelemnul.
  4891 | D:5      | Entered Level 5 of the Dungeon
  5108 | D:5      | Identified the +4 kite shield of Merog {rC+ Slay+4}
  5126 | D:5      | Reached XP level 7. HP: 35/43 MP: 8/13
  5406 | D:5      | Reached skill level 6 in Ice Magic
  5981 | D:6      | Reached skill level 5 in Fighting
  6057 | D:6      | Reached skill level 1 in Staves
  6061 | D:6      | Reached XP level 8. HP: 20/49 MP: 1/15
  6063 | D:6      | Reached skill level 5 in Spellcasting
  6629 | D:6      | Reached skill level 1 in Conjurations
  7052 | D:6      | Found a staircase to the Ecumenical Temple.
  7070 | Temple   | Entered the Ecumenical Temple
  7098 | Temple   | Became a worshipper of Vehumet
  7404 | D:7      | Reached skill level 7 in Ice Magic
  7831 | D:6      | Slain by a wight

Illustrated notes

Levels and vault maps discovered:
D:1:      saegor_arrival_simple_e, layout_basic, shapermc_ecumenical_altar_gd,
          minmay_vboxes
D:2:      wad_pebble_path, layout_basic, cheibrodos_gnoll_hut
D:3:      layout_basic
D:4:      layout_basic, grunt_temple_overflow_open, serial_aquarium,
          aquarium_bridge_square [aquarium_subvault_window,
          aquarium_subvault_bridge, aquarium_subvault_wall,
          aquarium_subvault_wall], aquarium_window_corridor_3,
          aquarium_window_fake, aquarium_window_fake, aquarium_window_corner,
          aquarium_view_2b, aquarium_pool_2, minmay_gold_behind_fungi,
          minmay_door_square, minivault_11, kennysheep_another_room,
          minmay_distorted
D:5:      layout_basic
D:6:      layout_gridville, minmay_temple_entry_offerings
D:7:      layout_loops_ring
Temple:   dpeg_chambers_temple

Skill      XL: |  1  2  3  4  5  6  7  8 |
---------------+-------------------------+-----
Fighting       | 1 2 3 4 5 |  5.0
Spellcasting   | 3 4 5 |  5.0
Ice Magic      | 5 6 7 |  7.3
Staves         | 1 3 |  3.6
Conjurations   | 3 |  3.5
Dodging        | |  1.5
Stealth        | |  2.1

Action                   |  1- 3 |  4- 6 |  7- 9 || total
-------------------------+-------+-------+-------++-------
Melee: Trident           |     2 |       |       ||     2
       Short sword       |    27 |       |       ||    27
       Staff             |    13 |    39 |    80 ||   132
       Lajatang          |       |       |    30 ||    30
 Cast: Freeze            |    44 |    73 |    27 ||   144
       Frozen Ramparts   |       |     4 |    16 ||    20
       Ozocubu's Armour  |       |     2 |     7 ||     9
  Use: Scroll            |     1 |     6 |     2 ||     9
 Stab: Sleeping          |     3 |     2 |       ||     5
Armor: Robe              |    34 |    53 |    78 ||   165
Dodge: Dodged            |    36 |    51 |    78 ||   165

Table legend: (Time is in decaauts)
 A = Elapsed time spent in this place.
 B = Non-inter-level travel time spent in this place.
 C = Inter-level travel time spent in this place.
 D = Time resting spent in this place.
 E = Time spent auto-exploring this place.
 F = Levels seen in this place.
 G = Mean time per level.
                   A        B        C        D        E       F      G
               +--------+--------+--------+--------+--------+-----+--------+
         Total |   7858 |   7691 |    167 |   1549 |   5180 |   8 |  982.2 |
       Dungeon |   7821 |   7661 |    160 |   1549 |   5163 |   7 | 1117.3 |
        Temple |     36 |     29 |      7 |      0 |     17 |   1 |   36.0 |
               +--------+--------+--------+--------+--------+-----+--------+

Top non-repeatable levels by time:
     D:6: 1552 daAuts
     D:1: 1359 daAuts
     D:4: 1245 daAuts
     D:3: 1239 daAuts
     D:5: 1062 daAuts
     D:2: 1054 daAuts
     D:7: 306 daAuts
  Temple: 36 daAuts
